Stars vs BlackHawks

Created - 23 mars 2018 at 23:12

Goals
1 2 3 T
Stars 0 1 1 2
BlackHawks 2 1 2 5
Shots
1 2 3 T
Stars 10 5 7 22
BlackHawks 17 9 18 44

1st period

1. BlackHawks , Dion Phaneuf 13 (Sidney Crosby 31, Ryan OReilly 38) at 6:23 (PP)
2. BlackHawks , Chris Tierney 4 (Shane Doan 12, Brent Seabrook 26) at 19:12

Penalties :
Brandon Manning (DAL) for Hooking (Minor) at 1:53, John Klingberg (DAL) for Hooking (Minor) at 6:13, Brady Austin (CHI) for Tripping (Minor) at 7:53, Paul Byron (DAL) for Tripping (Minor) at 13:15

2nd period

3. BlackHawks , Shea Weber 14 (Dion Phaneuf 35, Ryan OReilly 39) at 14:52 (PP)
4. Stars , John Klingberg 8 (Ryan Nugent-Hopkins 29, Duncan Keith 31) at 16:36 (PP)

Penalties :
Zdeno Chara (DAL) for Tripping (Minor) at 8:08, Jakub Voracek (DAL) for Boarding (Minor) at 13:49, Sidney Crosby (CHI) for Roughing (Minor) at 16:28, Paul Byron (DAL) for Roughing (Minor) at 18:07

3rd period

5. BlackHawks , Boone Jenner 10 (Artemi Panarin 39, Alex Galchenyuk 32) at 0:14
6. Stars , Jack Eichel 28 (Duncan Keith 32) at 0:59
7. BlackHawks , Ryan OReilly 22 (Sidney Crosby 32, Matt Hunwick 17) at 19:42

Penalties :
Rasmus Ristolainen (DAL) for High sticking (Minor) at 5:58, Shane Doan (CHI) for Tripping (Minor) at 9:32, Artemi Panarin (CHI) for Roughing (Minor) at 11:46, Jeff Petry (DAL) for High sticking (Minor) at 11:46

Goalie Stats

Jonathan Quick (DAL), 39 saves from 44 shots - (0.886), L, 30-24-12, 60:00 minutes
Carey Price (CHI), 20 saves from 22 shots - (0.909), W, 36-23-5, 60:00 minutes

Players Stats for Stars

Player Name              G  A  P  +/- PIM S  H  SB GA TA FO     MP     PP MP  PK MP  
------------------------------------------------------------------------------------
Brandon Manning          0  0  0  -1  2   1  1  0  0  0  0/0    12:26   0:00   1:15 
Devin Shore              0  0  0  -1  0   0  0  0  0  0  7/18   11:36   0:00   0:57 
Duncan Keith             0  2  2   0  0   0  0  2  0  0  0/0    26:34   2:20   6:03 
Jack Eichel              1  0  1   0  0   3  2  0  0  0  7/23   18:24   1:47   0:00 
Jakub Voracek            0  0  0   0  2   3  1  0  0  0  0/1    18:23   1:47   0:00 
Jeff Petry               0  0  0  -1  2   1  1  0  0  0  0/0    16:31   0:00   5:20 
John Klingberg           1  0  1  -1  2   2  0  3  0  0  0/0    18:43   2:20   0:18 
John Mitchell            0  0  0   0  0   0  0  1  0  0  4/10    6:45   0:00   3:05 
Jonathan Huberdeau       0  0  0   0  0   1  2  0  0  0  1/1    22:16   1:47   2:55 
Jonny Brodzinski         0  0  0   0  0   1  0  0  0  0  0/0     3:40   0:00   0:00 
Kyle Okposo              0  0  0  -1  0   0  3  0  0  0  0/0    17:28   2:19   0:00 
Michael Bournival        0  0  0   0  0   0  0  0  0  0  0/0     0:00   0:00   0:00 
Paul Byron               0  0  0  -1  4   1  2  2  0  0  0/0    19:40   2:19   4:08 
Rasmus Ristolainen       0  0  0  -1  2   0  2  0  0  0  0/0    20:31   1:46   3:53 
Richard Panik            0  0  0  -1  0   3  3  0  0  0  0/2    11:39   0:00   1:00 
Ryan Nugent-Hopkins      0  1  1  -1  0   3  1  1  0  0  11/38  23:15   2:19   7:06 
Tommy Wingels            0  0  0  -1  0   2  1  0  0  0  0/1    13:44   0:00   3:05 
Zdeno Chara              0  0  0   0  2   1  6  0  0  0  0/0    25:10   1:46   5:27 

Players Stats for BlackHawks

Player Name              G  A  P  +/- PIM S  H  SB GA TA FO     MP     PP MP  PK MP  
------------------------------------------------------------------------------------
Alex Biega               0  0  0   2  0   0  1  3  0  0  0/0    12:58   0:00   0:00 
Alex Galchenyuk          0  1  1   0  0   2  2  0  0  0  0/2    21:20   6:37   1:49 
Andrew Copp              0  0  0   1  0   1  1  0  0  0  0/0     9:21   0:34   1:07 
Artemi Panarin           0  1  1   1  2   8  0  0  0  0  0/0    15:56   4:04   0:00 
Blake Comeau             0  0  0   0  0   2  1  0  0  0  0/0    12:30   0:33   0:18 
Boone Jenner             1  0  1   1  0   1  4  1  0  0  21/29  15:23   3:30   0:00 
Brady Austin             0  0  0   0  2   0  0  0  0  0  0/0    17:15   2:12   0:00 
Brent Seabrook           0  1  1   0  0   2  1  0  0  0  0/0    20:03   3:04   2:13 
Chris Stewart            0  0  0   0  0   2  0  0  0  0  0/0    10:54   0:00   0:00 
Chris Tierney            1  0  1   1  0   2  0  0  0  0  7/11    9:42   0:00   2:02 
Dion Phaneuf             1  1  2   0  0   3  1  0  0  0  0/0    24:57   6:08   1:53 
Jay Beagle               0  0  0   0  0   1  0  0  0  0  14/18  12:32   0:00   1:38 
Matt Hunwick             0  1  1   2  0   1  2  0  0  0  0/0    19:40   3:56   2:13 
Radim Vrbata             0  0  0   1  0   5  0  0  0  0  2/2    15:51   3:58   0:00 
Ryan OReilly             1  2  3   0  0   7  0  0  0  0  1/1    22:07   7:04   1:18 
Shane Doan               0  1  1   1  2   0  1  0  0  0  1/1     7:39   0:00   0:00 
Shea Weber               1  0  1   0  0   4  4  0  0  0  0/0    25:06   6:56   1:53 
Sidney Crosby            0  2  2   0  2   3  2  0  0  0  18/30  20:37   7:04   0:00 

3 Stars

1 - Ryan OReilly (CHI)
2 - Boone Jenner (CHI)
3 - Dion Phaneuf (CHI)

Power Play

Stars - 1 on 3 Attempt(s) - 33.33%
BlackHawks - 2 on 7 Attempt(s) - 28.57%

Penalty Kill

Stars - 5 on 7 Attempt(s) - 71.43% - Score 0 goal in Penalty Kill
BlackHawks - 2 on 3 Attempt(s) - 66.67% - Score 0 goal in Penalty Kill

Team Stat

Stars - Hits : 25 - Faceoff Wins : 30 - Blocked Shots : 9 - Penalty Minutes : 16
BlackHawks - Hits : 20 - Faceoff Wins : 64 - Blocked Shots : 4 - Penalty Minutes : 8

Official

Referees : Tom Kowal and Justin StPierre
Linesman : Don Henderson and Michel Cormier

Game Notes

No Game Note

Finance

Level 1 -- Attendance: 5916 (91.02%) -- Ticket Income 650 760 $
Level 2 -- Attendance: 4662 (93.24%) -- Ticket Income 349 650 $
Level 3 -- Attendance: 2918 (83.37%) -- Ticket Income 163 408 $
Level 4 -- Attendance: 2519 (67.77%) -- Ticket Income 100 760 $
Luxury Box -- Attendance: 874 (87.40%) -- Ticket Income 173 926 $
Game was played at the United Center.
Total Attendance: 16889 (85.66%)
Total Ticket Income: 1 438 504 $
Other Income: 215 776 $
Total Income: 1 654 280 $

% Time on Ice - Stars

Lines # - Real PCT - Wanted PCT - Time Play
Normal Forward
1 - 36% - 40% - 15:13
2 - 31% - 30% - 13:15
3 - 25% - 20% - 10:39
4 - 9% - 10% - 3:40
Normal Defense
1 - 41% - 40% - 17:23
2 - 32% - 30% - 13:29
3 - 26% - 20% - 11:12
4 - 2% - 10% - 0:43
PP Forward
1 - 43% - 60% - 1:47
2 - 57% - 40% - 2:19
PP Defense
1 - 57% - 60% - 2:20
2 - 43% - 40% - 1:46
PK Forward
1 - 72% - 60% - 8:03
2 - 28% - 40% - 3:05
PK Defense
1 - 57% - 60% - 6:20
2 - 43% - 40% - 4:48
PK3 Forward
1 - 0% - 60%
2 - 0% - 40%
PK3 Defense
1 - 0% - 60%
2 - 0% - 40%
44 Forward
1 - 71% - 60% - 1:24
2 - 29% - 40% - 0:35
44 Defense
1 - 71% - 60% - 1:24
2 - 29% - 40% - 0:35
Last Minute Offensive  - 0:00
Last Minute Defensive  - 0:00
Total
Forward - 60:00
Defense - 60:00

% Time on Ice - BlackHawks

Lines # - Real PCT - Wanted PCT - Time Play
Normal Forward
1 - 29% - 29% - 12:20
2 - 28% - 27% - 11:53
3 - 25% - 25% - 10:54
4 - 18% - 19% - 7:40
Normal Defense
1 - 33% - 35% - 14:12
2 - 30% - 30% - 12:55
3 - 30% - 25% - 12:58
4 - 6% - 10% - 2:42
PP Forward
1 - 63% - 60% - 7:04
2 - 37% - 40% - 4:04
PP Defense
1 - 60% - 60% - 6:38
2 - 40% - 40% - 4:30
PK Forward
1 - 73% - 60% - 2:59
2 - 27% - 40% - 1:07
PK Defense
1 - 46% - 60% - 1:53
2 - 54% - 40% - 2:13
PK3 Forward
1 - 0% - 60%
2 - 0% - 40%
PK3 Defense
1 - 0% - 60%
2 - 0% - 40%
44 Forward
1 - 100% - 60% - 1:59
2 - 0% - 40% - 0:00
44 Defense
1 - 71% - 60% - 1:25
2 - 29% - 40% - 0:34
Last Minute Offensive  - 0:00
Last Minute Defensive  - 0:00
Total
Forward - 60:00
Defense - 60:00

Play by Play

1st period


0:01 of 1st period - Sidney Crosby wins face-off versus Jack Eichel in neutral zone.
0:33 of 1st period - Shot by Sidney Crosby.
0:33 of 1st period - Stopped by Jonathan Quick without a rebound.
0:34 of 1st period - Ryan Nugent-Hopkins wins face-off versus Boone Jenner in Stars zone.
0:34 of 1st period - Ryan Nugent-Hopkins is hit by Boone Jenner.
1:23 of 1st period - Shot by Blake Comeau.
1:23 of 1st period - Stopped by Jonathan Quick without a rebound.
1:24 of 1st period - Devin Shore wins face-off versus Chris Tierney in Stars zone.
1:24 of 1st period - Devin Shore is hit by Andrew Copp.
1:29 of 1st period - Richard Panik is hit by Matt Hunwick and loses puck.
1:42 of 1st period - Chris Tierney is hit by Jeff Petry and loses puck.
1:53 of 1st period - Minor Penalty to Brandon Manning for Hooking.
1:54 of 1st period - Sidney Crosby wins face-off versus Ryan Nugent-Hopkins in Stars zone.
2:35 of 1st period - Shot by Alex Galchenyuk.
2:35 of 1st period - Shot Misses the Net.
2:37 of 1st period - Shot by Ryan OReilly.
2:37 of 1st period - Stopped by Jonathan Quick without a rebound.
2:38 of 1st period - Boone Jenner wins face-off versus Ryan Nugent-Hopkins in Stars zone.
2:39 of 1st period - Shot by Brent Seabrook.
2:39 of 1st period - Shot Blocked by Ryan Nugent-Hopkins.
2:41 of 1st period - Shot by Matt Hunwick.
2:41 of 1st period - Shot Misses the Net.
2:43 of 1st period - Shot by Artemi Panarin.
2:43 of 1st period - Shot Misses the Net.
2:45 of 1st period - Shot by Brent Seabrook.
2:45 of 1st period - Stopped by Jonathan Quick without a rebound.
2:46 of 1st period - Boone Jenner wins face-off versus Ryan Nugent-Hopkins in Stars zone.
3:04 of 1st period - Off-side.
3:05 of 1st period - Sidney Crosby wins face-off versus John Mitchell in neutral zone.
3:12 of 1st period - Shot by Sidney Crosby.
3:12 of 1st period - Shot Misses the Net.
3:14 of 1st period - Shot by Shea Weber.
3:14 of 1st period - Shot Blocked by John Mitchell.
3:26 of 1st period - Shot by Shea Weber.
3:26 of 1st period - Stopped by Jonathan Quick with a rebound.
3:36 of 1st period - Shot by Shea Weber.
3:36 of 1st period - Shot Misses the Net.
3:38 of 1st period - Shot by Ryan OReilly.
3:38 of 1st period - Stopped by Jonathan Quick with a rebound.
3:40 of 1st period - Shot by Dion Phaneuf.
3:40 of 1st period - Stopped by Jonathan Quick with a rebound.
3:42 of 1st period - Shot by Alex Galchenyuk.
3:42 of 1st period - Stopped by Jonathan Quick without a rebound.
3:43 of 1st period - Ryan Nugent-Hopkins wins face-off versus Boone Jenner in Stars zone.
4:35 of 1st period - Off-side.
4:36 of 1st period - Boone Jenner wins face-off versus Ryan Nugent-Hopkins in neutral zone.
4:38 of 1st period - Artemi Panarin is hit by Kyle Okposo and loses puck.
4:43 of 1st period - Zdeno Chara is hit by Boone Jenner and loses puck.
4:53 of 1st period - Artemi Panarin is hit by Zdeno Chara and loses puck.
5:01 of 1st period - Boone Jenner is hit by Zdeno Chara and loses puck.
5:16 of 1st period - Brent Seabrook is hit by Paul Byron and loses puck.
5:49 of 1st period - Shot by Richard Panik.
5:49 of 1st period - Shot Misses the Net.
5:53 of 1st period - Shot by Jeff Petry.
5:53 of 1st period - Deflect By Tommy Wingels.
5:53 of 1st period - Stopped by Carey Price with a rebound.
5:55 of 1st period - Shot by Brandon Manning.
5:55 of 1st period - Stopped by Carey Price without a rebound.
5:56 of 1st period - Jay Beagle wins face-off versus Jack Eichel in BlackHawks zone.
5:56 of 1st period - Jay Beagle is hit by Jack Eichel.
6:13 of 1st period - Minor Penalty to John Klingberg for Hooking.
6:14 of 1st period - Sidney Crosby wins face-off versus Ryan Nugent-Hopkins in Stars zone.
6:19 of 1st period - Shot by Sidney Crosby.
6:19 of 1st period - Deflect By Ryan OReilly.
6:19 of 1st period - Shot Misses the Net.
6:21 of 1st period - Shot by Sidney Crosby.
6:21 of 1st period - Shot Misses the Net.
6:23 of 1st period - Shot by Dion Phaneuf.
6:23 of 1st period - Goal by Dion Phaneuf - Stars : 0 - BlackHawks : 1.
6:24 of 1st period - Chris Tierney wins face-off versus Jack Eichel in neutral zone.
6:38 of 1st period - Shot by Jack Eichel.
6:38 of 1st period - Stopped by Carey Price without a rebound.
6:39 of 1st period - Sidney Crosby wins face-off versus Devin Shore in BlackHawks zone.
7:12 of 1st period - Shot by Richard Panik.
7:12 of 1st period - Stopped by Carey Price without a rebound.
7:13 of 1st period - Jay Beagle wins face-off versus Jakub Voracek in BlackHawks zone.
7:30 of 1st period - Shot by Jack Eichel.
7:30 of 1st period - Shot Misses the Net.
7:32 of 1st period - Shot by Jack Eichel.
7:32 of 1st period - Deflect By Jakub Voracek.
7:32 of 1st period - Stopped by Carey Price with a rebound.
7:49 of 1st period - Jonathan Huberdeau is hit by Shea Weber and loses puck.
7:53 of 1st period - Minor Penalty to Brady Austin for Tripping.
7:54 of 1st period - Chris Tierney wins face-off versus Ryan Nugent-Hopkins in BlackHawks zone.
7:54 of 1st period - Chris Tierney is hit by Ryan Nugent-Hopkins.
8:24 of 1st period - Shot by Paul Byron.
8:24 of 1st period - Stopped by Carey Price with a rebound.
8:37 of 1st period - Icing by John Klingberg.
8:38 of 1st period - Ryan Nugent-Hopkins wins face-off versus Jay Beagle in Stars zone.
9:32 of 1st period - Icing by Jakub Voracek.
9:33 of 1st period - Ryan OReilly wins face-off versus Jack Eichel in Stars zone.
9:33 of 1st period - Matt Hunwick is hit by Zdeno Chara and loses puck.
9:42 of 1st period - Shot by Jakub Voracek.
9:42 of 1st period - Shot Misses the Net.
9:44 of 1st period - Shot by Rasmus Ristolainen.
9:44 of 1st period - Shot Misses the Net.
9:46 of 1st period - Shot by Zdeno Chara.
9:46 of 1st period - Stopped by Carey Price without a rebound.
9:47 of 1st period - Jay Beagle wins face-off versus Ryan Nugent-Hopkins in BlackHawks zone.
10:05 of 1st period - Off-side.
10:06 of 1st period - John Mitchell wins face-off versus Alex Galchenyuk in neutral zone.
10:39 of 1st period - Shot by Jonathan Huberdeau.
10:39 of 1st period - Shot Misses the Net.
10:46 of 1st period - Icing by Alex Biega.
10:47 of 1st period - Sidney Crosby wins face-off versus Ryan Nugent-Hopkins in BlackHawks zone.
11:05 of 1st period - Ryan Nugent-Hopkins is hit by Dion Phaneuf and loses puck.
11:14 of 1st period - Shot by Kyle Okposo.
11:14 of 1st period - Deflect By Ryan Nugent-Hopkins.
11:14 of 1st period - Stopped by Carey Price without a rebound.
11:15 of 1st period - Chris Tierney wins face-off versus Richard Panik in BlackHawks zone.
11:15 of 1st period - Shea Weber is hit by Tommy Wingels and loses puck.
11:21 of 1st period - Brady Austin is hit by Brandon Manning and loses puck.
11:31 of 1st period - Icing by Brandon Manning.
11:32 of 1st period - Devin Shore wins face-off versus Jay Beagle in Stars zone.
13:15 of 1st period - Minor Penalty to Paul Byron for Tripping.
13:16 of 1st period - Sidney Crosby wins face-off versus Ryan Nugent-Hopkins in Stars zone.
13:17 of 1st period - Shot by Alex Galchenyuk.
13:17 of 1st period - Shot Misses the Net.
13:45 of 1st period - Shot by Shea Weber.
13:45 of 1st period - Stopped by Jonathan Quick without a rebound.
13:46 of 1st period - Boone Jenner wins face-off versus Ryan Nugent-Hopkins in Stars zone.
14:03 of 1st period - Shot by Radim Vrbata.
14:03 of 1st period - Stopped by Jonathan Quick without a rebound.
14:04 of 1st period - Jonathan Huberdeau wins face-off versus Sidney Crosby in Stars zone.
14:52 of 1st period - Shot by Ryan Nugent-Hopkins.
14:52 of 1st period - Deflect By Richard Panik.
14:52 of 1st period - Stopped by Carey Price without a rebound.
14:53 of 1st period - Ryan Nugent-Hopkins wins face-off versus Boone Jenner in BlackHawks zone.
15:04 of 1st period - Shot by Artemi Panarin.
15:04 of 1st period - Stopped by Jonathan Quick without a rebound.
15:05 of 1st period - Boone Jenner wins face-off versus Richard Panik in Stars zone.
15:16 of 1st period - Shot by Shea Weber.
15:16 of 1st period - Shot Blocked by John Klingberg.
15:35 of 1st period - Shot by Andrew Copp.
15:35 of 1st period - Stopped by Jonathan Quick without a rebound.
15:36 of 1st period - Sidney Crosby wins face-off versus Devin Shore in Stars zone.
15:44 of 1st period - Icing by Jeff Petry.
15:45 of 1st period - Boone Jenner wins face-off versus Devin Shore in Stars zone.
15:48 of 1st period - Shot by Artemi Panarin.
15:48 of 1st period - Stopped by Jonathan Quick without a rebound.
15:49 of 1st period - Radim Vrbata wins face-off versus Jack Eichel in Stars zone.
16:42 of 1st period - Shot by Richard Panik.
16:42 of 1st period - Shot Blocked by Boone Jenner.
16:44 of 1st period - Shot by Devin Shore.
16:44 of 1st period - Shot Misses the Net.
16:46 of 1st period - Shot by John Klingberg.
16:46 of 1st period - Stopped by Carey Price without a rebound.
16:47 of 1st period - Ryan Nugent-Hopkins wins face-off versus Alex Galchenyuk in BlackHawks zone.
16:47 of 1st period - Ryan Nugent-Hopkins is hit by Shea Weber.
16:58 of 1st period - Icing by Sidney Crosby.
16:59 of 1st period - Devin Shore wins face-off versus Sidney Crosby in BlackHawks zone.
18:02 of 1st period - Kyle Okposo is hit by Shea Weber and loses puck.
18:16 of 1st period - Paul Byron is hit by Shea Weber and loses puck.
19:01 of 1st period - Jeff Petry is hit by Brent Seabrook and loses puck.
19:12 of 1st period - Shot by Chris Tierney.
19:12 of 1st period - Goal by Chris Tierney - Stars : 0 - BlackHawks : 2.
19:13 of 1st period - Boone Jenner wins face-off versus John Mitchell in neutral zone.
19:20 of 1st period - Shot by Artemi Panarin.
19:20 of 1st period - Stopped by Jonathan Quick without a rebound.
19:21 of 1st period - Boone Jenner wins face-off versus Devin Shore in Stars zone.
19:30 of 1st period - Shot by Brent Seabrook.
19:30 of 1st period - Stopped by Jonathan Quick without a rebound.
19:31 of 1st period - Chris Tierney wins face-off versus Ryan Nugent-Hopkins in Stars zone.
19:31 of 1st period - Chris Tierney is hit by Zdeno Chara.
19:46 of 1st period - Andrew Copp is hit by Zdeno Chara and loses puck.
19:53 of 1st period - Shot by Paul Byron.
19:53 of 1st period - Deflect By Kyle Okposo.
19:53 of 1st period - Shot Blocked by Alex Biega.
19:59 of 1st period - Shot by Ryan Nugent-Hopkins.
19:59 of 1st period - Shot Misses the Net.
Goals for this period are 0 for Stars vs 2 for BlackHawks.
Shots for this period are 10 for Stars vs 17 for BlackHawks.

2nd period


0:01 of 2nd period - Boone Jenner wins face-off versus Jack Eichel in neutral zone.
0:32 of 2nd period - Shot by Artemi Panarin.
0:32 of 2nd period - Stopped by Jonathan Quick without a rebound.
0:33 of 2nd period - Jay Beagle wins face-off versus Ryan Nugent-Hopkins in Stars zone.
1:32 of 2nd period - Off-side.
1:33 of 2nd period - Boone Jenner wins face-off versus Jack Eichel in neutral zone.
1:33 of 2nd period - Radim Vrbata is hit by Jack Eichel and loses puck.
1:54 of 2nd period - Shot by Artemi Panarin.
1:54 of 2nd period - Shot Misses the Net.
2:02 of 2nd period - Shot by Radim Vrbata.
2:02 of 2nd period - Shot Misses the Net.
2:32 of 2nd period - Icing by Alex Biega.
2:33 of 2nd period - Chris Tierney wins face-off versus Devin Shore in BlackHawks zone.
4:32 of 2nd period - Shot by Chris Stewart.
4:32 of 2nd period - Stopped by Jonathan Quick with a rebound.
5:05 of 2nd period - Shot by Richard Panik.
5:05 of 2nd period - Stopped by Carey Price without a rebound.
5:06 of 2nd period - Jack Eichel wins face-off versus Boone Jenner in BlackHawks zone.
5:35 of 2nd period - Shot by Jack Eichel.
5:35 of 2nd period - Shot Blocked by Alex Biega.
6:25 of 2nd period - Duncan Keith is hit by Boone Jenner and loses puck.
6:34 of 2nd period - Shot by Ryan Nugent-Hopkins.
6:34 of 2nd period - Shot Misses the Net.
6:52 of 2nd period - Shot by Kyle Okposo.
6:52 of 2nd period - Shot Blocked by Alex Biega.
6:54 of 2nd period - Shot by Ryan Nugent-Hopkins.
6:54 of 2nd period - Stopped by Carey Price without a rebound.
6:55 of 2nd period - Sidney Crosby wins face-off versus Jack Eichel in BlackHawks zone.
7:00 of 2nd period - Rasmus Ristolainen is hit by Alex Galchenyuk and loses puck.
7:08 of 2nd period - Icing by Rasmus Ristolainen.
7:09 of 2nd period - Chris Tierney wins face-off versus Jack Eichel in Stars zone.
7:20 of 2nd period - Andrew Copp is hit by Rasmus Ristolainen and loses puck.
8:08 of 2nd period - Minor Penalty to Zdeno Chara for Tripping.
8:09 of 2nd period - Ryan Nugent-Hopkins wins face-off versus Sidney Crosby in Stars zone.
10:16 of 2nd period - Shot by Jay Beagle.
10:16 of 2nd period - Shot Misses the Net.
10:18 of 2nd period - Shot by Shea Weber.
10:18 of 2nd period - Shot Blocked by John Klingberg.
10:26 of 2nd period - Dion Phaneuf is hit by Jakub Voracek and loses puck.
11:05 of 2nd period - Zdeno Chara is hit by Shane Doan and loses puck.
11:11 of 2nd period - Shane Doan is hit by Zdeno Chara and loses puck.
11:53 of 2nd period - Icing by Brandon Manning.
11:54 of 2nd period - Sidney Crosby wins face-off versus Devin Shore in Stars zone.
12:03 of 2nd period - Shot by Ryan OReilly.
12:03 of 2nd period - Stopped by Jonathan Quick with a rebound.
12:05 of 2nd period - Shot by Shea Weber.
12:05 of 2nd period - Shot Misses the Net.
12:15 of 2nd period - Shot by Sidney Crosby.
12:15 of 2nd period - Stopped by Jonathan Quick without a rebound.
12:16 of 2nd period - John Mitchell wins face-off versus Jay Beagle in Stars zone.
13:06 of 2nd period - John Klingberg is hit by Alex Galchenyuk and loses puck.
13:49 of 2nd period - Minor Penalty to Jakub Voracek for Boarding.
13:50 of 2nd period - Boone Jenner wins face-off versus Ryan Nugent-Hopkins in Stars zone.
14:18 of 2nd period - Icing by Artemi Panarin.
14:19 of 2nd period - John Mitchell wins face-off versus Boone Jenner in BlackHawks zone.
14:20 of 2nd period - Shot by Tommy Wingels.
14:20 of 2nd period - Stopped by Carey Price without a rebound.
14:21 of 2nd period - Sidney Crosby wins face-off versus Ryan Nugent-Hopkins in BlackHawks zone.
14:46 of 2nd period - Shot by Sidney Crosby.
14:46 of 2nd period - Deflect By Ryan OReilly.
14:46 of 2nd period - Shot Misses the Net.
14:48 of 2nd period - Shot by Dion Phaneuf.
14:48 of 2nd period - Shot Blocked by Duncan Keith.
14:50 of 2nd period - Shot by Dion Phaneuf.
14:50 of 2nd period - Stopped by Jonathan Quick with a rebound.
14:52 of 2nd period - Shot by Shea Weber.
14:52 of 2nd period - Goal by Shea Weber - Stars : 0 - BlackHawks : 3.
14:53 of 2nd period - Jay Beagle wins face-off versus Jack Eichel in neutral zone.
15:22 of 2nd period - Shot by Chris Stewart.
15:22 of 2nd period - Shot Misses the Net.
15:24 of 2nd period - Shot by Blake Comeau.
15:24 of 2nd period - Shot Misses the Net.
15:36 of 2nd period - Rasmus Ristolainen is hit by Boone Jenner and loses puck.
15:50 of 2nd period - Off-side.
15:51 of 2nd period - Chris Tierney wins face-off versus Devin Shore in neutral zone.
16:26 of 2nd period - Icing by Zdeno Chara.
16:27 of 2nd period - Devin Shore wins face-off versus Sidney Crosby in Stars zone.
16:27 of 2nd period - Devin Shore is hit by Matt Hunwick.
16:28 of 2nd period - Minor Penalty to Sidney Crosby for Roughing.
16:29 of 2nd period - Ryan Nugent-Hopkins wins face-off versus Jay Beagle in BlackHawks zone.
16:32 of 2nd period - Shot by Ryan Nugent-Hopkins.
16:32 of 2nd period - Shot Misses the Net.
16:34 of 2nd period - Shot by Ryan Nugent-Hopkins.
16:34 of 2nd period - Shot Misses the Net.
16:36 of 2nd period - Shot by John Klingberg.
16:36 of 2nd period - Goal by John Klingberg - Stars : 1 - BlackHawks : 3.
16:37 of 2nd period - Ryan Nugent-Hopkins wins face-off versus Sidney Crosby in neutral zone.
17:00 of 2nd period - Shea Weber is hit by Kyle Okposo and loses puck.
17:08 of 2nd period - Icing by Shea Weber.
17:09 of 2nd period - Jack Eichel wins face-off versus Sidney Crosby in BlackHawks zone.
17:43 of 2nd period - Shot by Jonathan Huberdeau.
17:43 of 2nd period - Stopped by Carey Price without a rebound.
17:44 of 2nd period - Boone Jenner wins face-off versus Devin Shore in BlackHawks zone.
17:44 of 2nd period - Boone Jenner is hit by Richard Panik.
17:55 of 2nd period - Off-side.
17:56 of 2nd period - Jay Beagle wins face-off versus Ryan Nugent-Hopkins in neutral zone.
18:07 of 2nd period - Minor Penalty to Paul Byron for Roughing.
18:08 of 2nd period - Boone Jenner wins face-off versus Ryan Nugent-Hopkins in Stars zone.
18:17 of 2nd period - Shot by Shea Weber.
18:17 of 2nd period - Shot Blocked by Duncan Keith.
18:25 of 2nd period - Shot by Artemi Panarin.
18:25 of 2nd period - Shot Misses the Net.
19:21 of 2nd period - Shot by Ryan OReilly.
19:21 of 2nd period - Stopped by Jonathan Quick without a rebound.
19:22 of 2nd period - Sidney Crosby wins face-off versus Ryan Nugent-Hopkins in Stars zone.
19:49 of 2nd period - Shot by Shea Weber.
19:49 of 2nd period - Stopped by Jonathan Quick without a rebound.
19:50 of 2nd period - Boone Jenner wins face-off versus John Mitchell in Stars zone.
19:57 of 2nd period - Shot by Radim Vrbata.
19:57 of 2nd period - Stopped by Jonathan Quick without a rebound.
19:58 of 2nd period - Boone Jenner wins face-off versus Ryan Nugent-Hopkins in Stars zone.
19:58 of 2nd period - Artemi Panarin is hit by Rasmus Ristolainen and loses puck.
Goals for this period are 1 for Stars vs 1 for BlackHawks.
Shots for this period are 5 for Stars vs 9 for BlackHawks.

3rd period


0:01 of 3rd period - Sidney Crosby wins face-off versus Ryan Nugent-Hopkins in neutral zone.
0:14 of 3rd period - Shot by Boone Jenner.
0:14 of 3rd period - Goal by Boone Jenner - Stars : 1 - BlackHawks : 4.
0:15 of 3rd period - Jack Eichel wins face-off versus Sidney Crosby in neutral zone.
0:26 of 3rd period - Shot by Jack Eichel.
0:26 of 3rd period - Stopped by Carey Price without a rebound.
0:27 of 3rd period - Boone Jenner wins face-off versus Ryan Nugent-Hopkins in BlackHawks zone.
0:36 of 3rd period - Shot by Radim Vrbata.
0:36 of 3rd period - Shot Misses the Net.
0:48 of 3rd period - Shot by Artemi Panarin.
0:48 of 3rd period - Stopped by Jonathan Quick without a rebound.
0:49 of 3rd period - Jack Eichel wins face-off versus Sidney Crosby in Stars zone.
0:49 of 3rd period - Jack Eichel is hit by Sidney Crosby.
0:59 of 3rd period - Shot by Jack Eichel.
0:59 of 3rd period - Goal by Jack Eichel - Stars : 2 - BlackHawks : 4.
1:00 of 3rd period - Jay Beagle wins face-off versus Devin Shore in neutral zone.
1:00 of 3rd period - Jay Beagle is hit by Richard Panik.
1:06 of 3rd period - Shot by Blake Comeau.
1:06 of 3rd period - Stopped by Jonathan Quick without a rebound.
1:07 of 3rd period - Jack Eichel wins face-off versus Sidney Crosby in Stars zone.
1:07 of 3rd period - Jack Eichel is hit by Sidney Crosby.
1:21 of 3rd period - Shot by Sidney Crosby.
1:21 of 3rd period - Shot Misses the Net.
1:27 of 3rd period - Shot by Ryan OReilly.
1:27 of 3rd period - Stopped by Jonathan Quick without a rebound.
1:28 of 3rd period - Jay Beagle wins face-off versus Ryan Nugent-Hopkins in Stars zone.
1:43 of 3rd period - Shot by Ryan Nugent-Hopkins.
1:43 of 3rd period - Stopped by Carey Price without a rebound.
1:44 of 3rd period - Jack Eichel wins face-off versus Boone Jenner in BlackHawks zone.
2:17 of 3rd period - Shot by Artemi Panarin.
2:17 of 3rd period - Deflect By Radim Vrbata.
2:17 of 3rd period - Stopped by Jonathan Quick without a rebound.
2:18 of 3rd period - Ryan Nugent-Hopkins wins face-off versus Sidney Crosby in Stars zone.
2:30 of 3rd period - Shot by Ryan OReilly.
2:30 of 3rd period - Shot Blocked by Paul Byron.
2:32 of 3rd period - Shot by Shea Weber.
2:32 of 3rd period - Deflect By Sidney Crosby.
2:32 of 3rd period - Shot Blocked by John Klingberg.
2:34 of 3rd period - Shot by Ryan OReilly.
2:34 of 3rd period - Stopped by Jonathan Quick without a rebound.
2:35 of 3rd period - Jay Beagle wins face-off versus Devin Shore in Stars zone.
5:03 of 3rd period - Shot by Jonathan Huberdeau.
5:03 of 3rd period - Shot Misses the Net.
5:05 of 3rd period - Shot by Jeff Petry.
5:05 of 3rd period - Stopped by Carey Price without a rebound.
5:06 of 3rd period - Devin Shore wins face-off versus Chris Tierney in BlackHawks zone.
5:18 of 3rd period - Off-side.
5:19 of 3rd period - Boone Jenner wins face-off versus Jack Eichel in neutral zone.
5:40 of 3rd period - Shot by Artemi Panarin.
5:40 of 3rd period - Stopped by Jonathan Quick without a rebound.
5:41 of 3rd period - Devin Shore wins face-off versus Chris Tierney in Stars zone.
5:55 of 3rd period - Off-side.
5:56 of 3rd period - Boone Jenner wins face-off versus Ryan Nugent-Hopkins in neutral zone.
5:58 of 3rd period - Minor Penalty to Rasmus Ristolainen for High sticking.
5:59 of 3rd period - Sidney Crosby wins face-off versus Ryan Nugent-Hopkins in Stars zone.
6:15 of 3rd period - Icing by Ryan OReilly.
6:16 of 3rd period - Sidney Crosby wins face-off versus Ryan Nugent-Hopkins in BlackHawks zone.
7:09 of 3rd period - Shot by Artemi Panarin.
7:09 of 3rd period - Shot Misses the Net.
7:11 of 3rd period - Shot by Matt Hunwick.
7:11 of 3rd period - Stopped by Jonathan Quick without a rebound.
7:12 of 3rd period - Boone Jenner wins face-off versus John Mitchell in Stars zone.
7:13 of 3rd period - Shot by Radim Vrbata.
7:13 of 3rd period - Stopped by Jonathan Quick without a rebound.
7:14 of 3rd period - John Mitchell wins face-off versus Boone Jenner in Stars zone.
7:25 of 3rd period - Shot by Artemi Panarin.
7:25 of 3rd period - Stopped by Jonathan Quick without a rebound.
7:26 of 3rd period - Sidney Crosby wins face-off versus Ryan Nugent-Hopkins in Stars zone.
7:29 of 3rd period - Shot by Sidney Crosby.
7:29 of 3rd period - Stopped by Jonathan Quick with a rebound.
7:54 of 3rd period - Icing by Ryan OReilly.
7:55 of 3rd period - Sidney Crosby wins face-off versus John Mitchell in BlackHawks zone.
8:30 of 3rd period - Shot by Radim Vrbata.
8:30 of 3rd period - Shot Misses the Net.
8:45 of 3rd period - Off-side.
8:46 of 3rd period - Jay Beagle wins face-off versus Devin Shore in neutral zone.
8:57 of 3rd period - Shot by Jay Beagle.
8:57 of 3rd period - Stopped by Jonathan Quick without a rebound.
8:58 of 3rd period - Shane Doan wins face-off versus Ryan Nugent-Hopkins in Stars zone.
9:03 of 3rd period - Shot by Chris Tierney.
9:03 of 3rd period - Stopped by Jonathan Quick with a rebound.
9:32 of 3rd period - Minor Penalty to Shane Doan for Tripping.
9:33 of 3rd period - Jay Beagle wins face-off versus Jack Eichel in BlackHawks zone.
10:15 of 3rd period - Shot by Jack Eichel.
10:15 of 3rd period - Shot Misses the Net.
11:03 of 3rd period - Ryan OReilly is hit by Paul Byron and loses puck.
11:26 of 3rd period - Shot by Jakub Voracek.
11:26 of 3rd period - Stopped by Carey Price without a rebound.
11:27 of 3rd period - Jay Beagle wins face-off versus Jack Eichel in BlackHawks zone.
11:27 of 3rd period - Jay Beagle is hit by Jonathan Huberdeau.
11:43 of 3rd period - Radim Vrbata is hit by Richard Panik.
11:46 of 3rd period - Minor Penalty to Artemi Panarin for Roughing.
11:46 of 3rd period - Minor Penalty to Jeff Petry for High sticking.
11:47 of 3rd period - Sidney Crosby wins face-off versus Jack Eichel in Stars zone.
13:53 of 3rd period - Shot by Jonny Brodzinski.
13:53 of 3rd period - Stopped by Carey Price without a rebound.
13:54 of 3rd period - Devin Shore wins face-off versus Chris Tierney in BlackHawks zone.
14:23 of 3rd period - Off-side.
14:24 of 3rd period - Ryan Nugent-Hopkins wins face-off versus Boone Jenner in neutral zone.
15:03 of 3rd period - Shea Weber is hit by Kyle Okposo and loses puck.
16:00 of 3rd period - Shot by Alex Galchenyuk.
16:00 of 3rd period - Stopped by Jonathan Quick without a rebound.
16:01 of 3rd period - Jay Beagle wins face-off versus Tommy Wingels in Stars zone.
16:17 of 3rd period - Rasmus Ristolainen is hit by Blake Comeau and loses puck.
16:37 of 3rd period - Devin Shore is hit by Alex Biega and loses puck.
17:51 of 3rd period - Icing by Brent Seabrook.
17:52 of 3rd period - Jack Eichel wins face-off versus Sidney Crosby in BlackHawks zone.
18:11 of 3rd period - Shot by Jonathan Huberdeau.
18:11 of 3rd period - Shot Misses the Net.
18:19 of 3rd period - Shot by Jakub Voracek.
18:19 of 3rd period - Shot Misses the Net.
18:21 of 3rd period - Shot by Brandon Manning.
18:21 of 3rd period - Shot Misses the Net.
18:23 of 3rd period - Shot by Jakub Voracek.
18:23 of 3rd period - Stopped by Carey Price without a rebound.
18:24 of 3rd period - Radim Vrbata wins face-off versus John Mitchell in BlackHawks zone.
18:35 of 3rd period - Shot by Radim Vrbata.
18:35 of 3rd period - Stopped by Jonathan Quick without a rebound.
18:36 of 3rd period - Jay Beagle wins face-off versus Ryan Nugent-Hopkins in Stars zone.
18:47 of 3rd period - Shot by Chris Stewart.
18:47 of 3rd period - Stopped by Jonathan Quick with a rebound.
19:19 of 3rd period - Icing by Zdeno Chara.
19:20 of 3rd period - Ryan Nugent-Hopkins wins face-off versus Sidney Crosby in Stars zone.
19:34 of 3rd period - Shot by Alex Galchenyuk.
19:34 of 3rd period - Shot Misses the Net.
19:40 of 3rd period - Shot by Sidney Crosby.
19:40 of 3rd period - Shot Blocked by Paul Byron.
19:42 of 3rd period - Shot by Ryan OReilly.
19:42 of 3rd period - Goal by Ryan OReilly - Stars : 2 - BlackHawks : 5.
19:43 of 3rd period - Boone Jenner wins face-off versus Jack Eichel in neutral zone.
19:43 of 3rd period - Boone Jenner is hit by Jonathan Huberdeau.
19:47 of 3rd period - Shot by Artemi Panarin.
19:47 of 3rd period - Stopped by Jonathan Quick without a rebound.
19:48 of 3rd period - Boone Jenner wins face-off versus Jack Eichel in Stars zone.
Goals for this period are 1 for Stars vs 2 for BlackHawks.
Shots for this period are 7 for Stars vs 18 for BlackHawks.